 Dungeon Crawl Stone Soup version 0.24.0-13-gcf9b319 (webtiles) character file.

Game seed: 15410030924191844348, levelgen mode: deterministic

1067 Fang the Skirmisher (level 8, -4/51 HPs)
             Began as a Gargoyle Berserker on Nov 19, 2019.
             Was a Believer of Trog.
             Slain by Prince Ribbit (7 damage)
             ... on level 6 of the Dungeon.
             The game lasted 00:04:08 (5692 turns).

Fang the Skirmisher (Gargoyle Berserker)            Turns: 5692, Time: 00:04:09

Health: -4/51      AC: 15    Str: 24    XL:     8   Next: 28%
Magic:  8/8        EV: 13    Int:  7    God:    Trog [**....]
Gold:   248        SH:  0    Dex:  9    Spells: 7/7 levels left

rFire    . . .     SeeInvis .   a - +0 war axe (curse)
rCold    . . .     Gourm    +   (no shield)
rNeg     + . .     Faith    .   b - +0 chain mail
rPois    ∞         Spirit   .   (no helmet)
rElec    +         Reflect  .   (no cloak)
rCorr    .         Harm     .   (no gloves)
MR       ++...                  (no boots)
Stlth    ..........             o - amulet of the gourmand
HPRegen  1.17/turn              u - +3 ring of evasion
MPRegen  0.11/turn              (no ring)

@: berserk cooldown, regenerating
A: negative energy resistance 1, electricity resistance, unbreathing,
petrification resistance, rot immunity, AC +5
a: Berserk, Trog's Hand, Renounce Religion


You were on level 6 of the Dungeon.
You worshipped Trog.
Trog was pleased with you.
You were full.

You visited 2 branches of the dungeon, and saw 7 of its levels.

You collected 248 gold pieces.

Inventory:

Hand Weapons
 a - a cursed +0 war axe (weapon)
Armour
 b - a +0 chain mail (worn)
Jewellery
 o - an amulet of the gourmand (around neck)
 u - a +3 ring of evasion (left hand)
Wands
 r - a wand of flame (13)
 t - a wand of random effects (19)
Scrolls
 g - a scroll of fear {unknown}
 h - a scroll of enchant weapon {unknown}
 i - 5 scrolls of identify {unknown}
 j - 4 scrolls of random uselessness {unknown}
 m - 3 scrolls of remove curse {unknown}
 n - a scroll of blinking {unknown}
 q - 2 scrolls of teleportation {unknown}
 x - a scroll of magic mapping {unknown}
Potions
 d - a potion of flight {unknown}
 e - 5 potions of haste
 f - 7 potions of curing
 k - 2 potions of agility {unknown}
 l - 3 potions of magic {unknown}
 p - a potion of resistance {unknown}
 s - a potion of heal wounds {unknown}
 v - a potion of brilliance {unknown}
 w - 2 potions of lignification {unknown}
Comestibles
 c - 19 rations


   Skills:
 + Level 6.1 Fighting
 + Level 5.0 Axes
 + Level 5.6 Armour
 + Level 4.1 Dodging


You had 7 spell levels left.
You didn't know any spells.
Your spell library was empty.

Dungeon Overview and Level Annotations

Branches:
Dungeon (6/15)             Temple (1/1) D:5

Altars:
Cheibriados
Dithmenos
Fedhas
Gozag
Kikubaaqudgha
Makhleb
Ru
Sif Muna
Wu Jian

Shops:
D:5 ==%

Annotations:
D:6 Prince Ribbit


Innate Abilities, Weirdness & Mutations

You are resistant to torment.
Your stone body is resilient. (AC +5)
You are immune to poison.
You resist negative energy. (rN+)
You are resistant to electric shocks. (rElec)
You can survive without breathing.
You are immune to petrification.
You are immune to rotting.


Message History

Prince Ribbit closely misses you. Prince Ribbit barely misses you.
Prince Ribbit misses you. Prince Ribbit closely misses you.
Prince Ribbit closely misses you.
Prince Ribbit blinks!
Prince Ribbit barely misses you.
You feel yourself speed up. Prince Ribbit hits you!
* * * LOW HITPOINT WARNING * * *
You barely miss Prince Ribbit.
Prince Ribbit is heavily wounded.
You feel the effects of Trog's Hand fading.
Prince Ribbit hits you!
* * * LOW HITPOINT WARNING * * *
Prince Ribbit hits you.
* * * LOW HITPOINT WARNING * * *
You hit Prince Ribbit.
Prince Ribbit is severely wounded.
Prince Ribbit completely misses you. Prince Ribbit hits you!
You die...

#..#..........#.........#
#..#....F.....+.........#
#..#..........#...##....#
#..##....##+####..##....#
#..##....##...##...#....#
...#..........##..##....#
...#..........##..##....#
...#............F.####+##
#..##....##.....@.##....
#..##....##.............#
...#......#.............#
...#......#.............#
...+......#.............#
#..####..########+#####+#
#######..##...###.###
#....+..............#
#....#...[..........#


You could see Prince Ribbit.

Vanquished Creatures
  Grinder (D:6)
  An ogre (D:3)
  A centaur (D:5)
  A bullfrog (D:6)
  2 scorpions
  2 crimson imps
  A hound (D:2)
  Crazy Yiuf (D:3)
  2 orc priests
  3 orc wizards
  2 iguanas
  Terence (D:2)
  A worker ant (D:4)
  A howler monkey zombie (D:5)
  6 adders
  2 oozes
  2 adder skeletons
  A worm (D:3)
  2 dart slugs (D:1)
  3 leopard geckos
  24 orcs
  2 bats (D:3)
  3 giant cockroaches
  6 goblins
  5 hobgoblins
  2 jackals (D:6)
  3 quokkas
  A ball python skeleton (D:4)
  6 frilled lizards
  6 kobolds
  6 rats
100 creatures vanquished.

Vanquished Creatures (others)
  A human (D:2)
1 creature vanquished.

Grand Total: 101 creatures vanquished

Notes
Turn   | Place    | Note
-------+----------+-------------------------------------------
     0 | D:1      | Fang the Gargoyle Berserker began the quest for the Orb.
     0 | D:1      | Reached XP level 1. HP: 14/14 MP: 1/1
   100 | D:1      | Reached XP level 2. HP: 17/19 MP: 2/2
   604 | D:2      | Found a shadowy altar of Dithmenos.
   627 | D:2      | Reached XP level 3. HP: 18/24 MP: 3/3
   691 | D:2      | Noticed Terence
   721 | D:2      | Killed Terence
   721 | D:2      | Reached XP level 4. HP: 10/29 MP: 4/4
   735 | D:2      | HP: 1/29 [adder (4)]
  1090 | D:2      | Found an ancient bone altar of Kikubaaqudgha.
  1091 | D:2      | Noticed a human
  1093 | D:2      | Killed a human
  1167 | D:2      | Found a snail-covered altar of Cheibriados.
  1167 | D:2      | Found an ancient bone altar of Kikubaaqudgha.
  1242 | D:2      | Found a burning altar of Makhleb.
  1254 | D:2      | Reached skill level 4 in Fighting
  1533 | D:3      | Reached ** piety under Trog
  1536 | D:3      | Reached XP level 5. HP: 8/33 MP: 5/5
  2034 | D:3      | Noticed an ogre
  2045 | D:3      | Killed an ogre
  2045 | D:3      | Reached XP level 6. HP: 39/39 MP: 6/6
  2525 | D:3      | Found a runed translucent door.
  2526 | D:3      | Noticed Crazy Yiuf
  2867 | D:3      | Killed Crazy Yiuf
  2952 | D:4      | HP: 1/40 [scorpion (3)]
  2957 | D:4      | HP: 1/40 [something/magic dart (5)]
  3292 | D:4      | Reached skill level 5 in Fighting
  3293 | D:4      | Reached XP level 7. HP: 27/44 MP: 7/7
  3496 | D:4      | Found a blossoming altar of Fedhas.
  3496 | D:4      | Found an ornate altar of the Wu Jian Council.
  3819 | D:5      | Entered Level 5 of the Dungeon
  4186 | D:5      | Found an opulent altar of Gozag.
  4343 | D:5      | Found Omaqo's Jewellery Shop.
  4460 | D:5      | Found Ixenekumeng's Food Shop.
  4694 | D:5      | Found a staircase to the Ecumenical Temple.
  4712 | D:5      | Found Gitesime's Jewellery Boutique.
  4736 | Temple   | Entered the Ecumenical Temple
  4756 | D:5      | Reached skill level 5 in Armour
  4785 | D:5      | Reached *** piety under Trog
  4937 | D:5      | Found a sacrificial altar of Ru.
  4984 | D:5      | Found a shimmering blue altar of Sif Muna.
  5176 | D:6      | Found an ancient bone altar of Kikubaaqudgha.
  5197 | D:6      | Noticed Grinder
  5204 | D:6      | Paralysed by Grinder for 7 turns
  5214 | D:6      | Killed Grinder
  5214 | D:6      | Reached skill level 6 in Fighting
  5214 | D:6      | Reached XP level 8. HP: 31/51 MP: 8/8
  5408 | D:6      | Reached skill level 5 in Axes
  5521 | D:6      | Noticed Prince Ribbit
  5691 | D:6      | HP: 2/51 [Prince Ribbit (3)]
  5692 | D:6      | Slain by Prince Ribbit

Levels and vault maps discovered:
D:1:      dpeg_arrival_lava_temple_mockup, layout_loops_ring
D:2:      layout_rooms, makhleb_heckhound_becter,
          nicolae_overflow_hidden_temple, tgw_kikubaaqudgha, uniq_terence
D:3:      layout_basic, uniq_crazy_yiuf_cottage
D:4:      layout_rooms, chequers_temple_overflow_statue_of_worship, first_ration
D:5:      layout_layer_cave, kennysheep_mini_moat,
          nicolae_ru_the_path_less_chosen, kennysheep_mini,
          minmay_temple_entry_sparse_star, serial_shops, shop, shop, shop
D:6:      layout_gridville, basic_altar, minivault_5, uniq_prince_ribbit1,
          uniq_grinder
Temple:   nicolae_temple_figure_zero

Skill      XL: |  1  2  3  4  5  6  7  8 |
---------------+-------------------------+-----
Dodging        | 2 3 4 |  4.1
Axes           | 3 4 5 |  5.0
Armour         | 3 4 5 |  5.6
Fighting       | 4 5 6 |  6.1

Action                   |  1- 3 |  4- 6 |  7- 9 || total
-------------------------+-------+-------+-------++-------
Melee: Hand axe          |    79 |   227 |       ||   306
       War axe           |       |       |   139 ||   139
Invok: Berserk           |       |     5 |     3 ||     8
       Trog's Hand       |       |     1 |     3 ||     4
 Stab: Sleeping          |       |     1 |       ||     1
  Eat: Chunk             |       |     9 |    20 ||    29
       Ration            |       |     1 |       ||     1
Armor: Animal skin       |    17 |    80 |    20 ||   117
       Chain mail        |       |       |    41 ||    41
Dodge: Dodged            |    54 |   141 |   120 ||   315
